 Dungeon Crawl Stone Soup version 0.29-a0-911-g88e6f02907 (webtiles) character file.

Game seed: 9124131853527074841

26 gelatine the Trooper (level 2, -2/24 HPs)
             Began as a Demonspawn Fighter on July 26, 2022.
             Slain by Terence
             ... wielding a +1 hand axe of freezing
              (3 damage)
             ... on level 2 of the Dungeon.
             The game lasted 00:01:16 (641 turns).

gelatine the Trooper (Demonspawn Fighter)            Turns: 641, Time: 00:01:18

Health: -2/24      AC:  6    Str: 16    XL:     2   Next: 89%
Magic:  2/2        EV:  8    Int:  9    God:
Gold:   24         SH:  4    Dex: 12    Spells: 1/1 levels left

rFire   . . .      SeeInvis .   a - +0 war axe
rCold   . . .      Faith    .   c - +0 buckler
rNeg    . . .      Spirit   .   b - +0 scale mail
rPois   .          Reflect  .   (no helmet)
rElec   .          Harm     .   (no cloak)
rCorr   .          Rampage  .   (no gloves)
Will    .....                   (no boots)
Stlth   ..........              (no amulet)
HPRegen 0.08/turn               (no ring)
MPRegen 0.08/turn               (no ring)

@: no status effects
A: hooves 1
a: no special abilities


You were on level 2 of the Dungeon.
You visited 1 branch of the dungeon, and saw 2 of its levels.

You collected 24 gold pieces.

Inventory:

Hand Weapons
 a - a +0 war axe (weapon)
Armour
 b - a +0 scale mail (worn)
 c - a +0 buckler (worn)
Scrolls
 f - a scroll of poison {unknown}
 h - a scroll of vulnerability {unknown}
 j - a scroll of identify {unknown}
Potions
 d - a potion of might
 e - 2 potions of heal wounds {unknown}
 g - 3 potions of attraction {unknown}
 i - a potion of degeneration {unknown}


   Skills:
 + Level 3.3 Fighting
 + Level 2.2 Axes
 + Level 2.9 Armour
 + Level 2.9 Shields


You had one spell level left.
You didn't know any spells.
Your spell library contained the following spells:

 Spells                   Type           Power      Damage    Failure   Level
 Conjure Flame            Conj/Fire      0%         6-21      99%         3
 Ignite Poison            Fire/Tmut/Pois 0%         N/A       99%         3
 Sticky Flame             Conj/Fire      0%         2d3       100%        4


Dungeon Overview and Level Annotations

Branches:
Dungeon (2/15)

Altars:

Annotations:
D:2 Terence


Innate Abilities, Weirdness & Mutations

You have large cloven feet.


Message History

You barely miss Terence. You kick Terence, but do no damage.
Terence is moderately wounded.
Terence hits you with a +1 hand axe of freezing.
Terence freezes you.
You hit Terence but do no damage. You kick Terence, but do no damage.
Terence is moderately wounded.
Terence barely misses you. x2
You slash Terence! You kick Terence.
Terence is almost dead.
Terence barely misses you.
You hit Terence but do no damage.
Terence is almost dead.
Terence hits you but does no damage. x2
You barely miss Terence. You kick Terence, but do no damage.
Terence is almost dead.
Terence barely misses you.
You completely miss Terence. Your kick misses Terence.
Terence is almost dead.
You block Terence's attack. Terence barely misses you.
You hit Terence but do no damage.
Terence is severely wounded.
Terence barely misses you.
You barely miss Terence.
Terence is severely wounded.
Terence hits you but does no damage.
You barely miss Terence. You kick Terence, but do no damage.
Terence is severely wounded.
Terence misses you. Terence barely misses you.
You hit Terence but do no damage. You kick Terence.
Terence is almost dead.
Terence hits you with a +1 hand axe of freezing.
Terence freezes you.
You barely miss Terence. You kick Terence, but do no damage.
Terence is almost dead.
Terence hits you with a +1 hand axe of freezing!
* * * LOW HITPOINT WARNING * * *
Terence freezes you.
* * * LOW HITPOINT WARNING * * *
Terence hits you with a +1 hand axe of freezing.
You die...

#.# ####.#
#....#
###.####
..#.#
#.#.#
#(#.#
#@#.###
#.@...#
#...#.#
.........#
#####.####
#.# ..#
####


You could see Terence.

Vanquished Creatures
  A dart slug (D:1)
  2 bats (D:1)
  An endoplasm (D:1)
  3 giant cockroaches (D:1)
  3 goblins (D:1)
  4 hobgoblins (D:1)
  A ball python (D:1)
  3 frilled lizards (D:1)
  3 kobolds (D:1)
  A rat (D:1)
22 creatures vanquished.

Vanquished Creatures (others)
  4 plants (D:1)
4 creatures vanquished.

Grand Total: 26 creatures vanquished

Notes
Turn   | Place    | Note
-------+----------+-------------------------------------------
     0 | D:1      | gelatine the Demonspawn Fighter began the quest for the
                  | Orb.
     0 | D:1      | Reached XP level 1. HP: 18/18 MP: 1/1
   115 | D:1      | Gained mutation: You have large cloven feet. [demonic
                  | ancestry]
   115 | D:1      | Reached XP level 2. HP: 24/24 MP: 2/2
   629 | D:2      | Noticed Terence
   641 | D:2      | HP: 1/24 [Terence/+1 hand axe of freezing (2)]
   641 | D:2      | Slain by Terence

Illustrated notes

Levels and vault maps discovered:
D:1:      roderic_dead_forest, layout_rooms, solitary_fountain,
          serial_bayou_lake_a
D:2:      layout_basic, shapermc_ecumenical_altar_gd, uniq_terence

Skill      XL: |  1  2 |
---------------+-------+-----
Axes           | 2 |  2.2
Fighting       | |  3.3
Armour         | |  2.9
Shields        | |  2.9

Action                   || total
-------------------------++-------
Melee: War axe           ||    57
       Kick              ||    15
Armor: Scale mail        ||    24
Dodge: Dodged            ||    34
Block: Buckler           ||    11

Table legend: (Time is in decaauts)
 A = Elapsed time spent in this place.
 B = Non-inter-level travel time spent in this place.
 C = Inter-level travel time spent in this place.
 D = Time resting spent in this place.
 E = Time spent auto-exploring this place.
 F = Levels seen in this place.
 G = Mean time per level.
                   A        B        C        D        E       F      G
               +--------+--------+--------+--------+--------+-----+--------+
         Total |    692 |    676 |     16 |      0 |    506 |   2 |  346.0 |
       Dungeon |    692 |    676 |     16 |      0 |    506 |   2 |  346.0 |
               +--------+--------+--------+--------+--------+-----+--------+

Top non-repeatable levels by time:
     D:1: 659 daAuts
     D:2: 33 daAuts
